 Dungeon Crawl Stone Soup version 0.26.1-11-gd32895ea62 (webtiles) character file.

Game seed: 15100328297919287955

119 TheGreatAnchovy the Chopper (level 5, 0/47 HPs)
             Began as a Hill Orc Berserker on Apr 22, 2021.
             Was a Priest of Trog.
             Slain by a gnoll
             ... wielding a +0 spear
              (4 damage)
             ... on level 3 of the Dungeon.
             The game lasted 00:03:22 (2545 turns).

TheGreatAnchovy the Chopper (Hill Orc Berserker)    Turns: 2545, Time: 00:03:23

Health: 0/47       AC:  5    Str: 21    XL:     5   Next: 3%
Magic:  5/5        EV: 11    Int:  7    God:    Trog [***...]
Gold:   140        SH:  0    Dex: 10    Spells: 4/4 levels left

rFire    . . .     SeeInvis .   a - +0 hand axe
rCold    . . .     Faith    .   (no shield)
rNeg     . . .     Spirit   .   h - +0 ring mail
rPois    .         Reflect  .   (no helmet)
rElec    .         Harm     .   (no cloak)
rCorr    .         Rampage  .   (no gloves)
Will     .....                  (no boots)
Stlth    +.........             (no amulet)
HPRegen  0.15/turn              i - ring of stealth
MPRegen  0.09/turn              (no ring)

@: no status effects
A: no striking features
a: Renounce Religion, Berserk, Trog's Hand


You were on level 3 of the Dungeon.
You worshipped Trog.
Trog was most pleased with you.
You visited 1 branch of the dungeon, and saw 3 of its levels.

You collected 140 gold pieces.

Inventory:

Hand Weapons
 a - a +0 hand axe (weapon)
Armour
 h - a +0 ring mail (worn)
Jewellery
 i - a ring of stealth (left hand)
Scrolls
 c - a scroll of enchant weapon {unknown}
 e - 2 scrolls of blinking {unknown}
 f - 6 scrolls of remove curse {unknown}
 g - a scroll of noise {unknown}
 j - 3 scrolls of identify {unknown}
 l - 2 scrolls of fog {unknown}
 m - a scroll of amnesia {unknown}
Potions
 b - a potion of brilliance {unknown}
 d - 2 potions of degeneration {unknown}
 k - a potion of invisibility


   Skills:
 + Level 4.6 Fighting
 + Level 5.6 Axes
 + Level 3.2 Armour
 - Level 2.0 Dodging


You had 4 spell levels left.
You didn't know any spells.
Your spell library was empty.

Dungeon Overview and Level Annotations

Branches:
Dungeon (3/15)

Altars:
Vehumet


Message History

The gnoll barely misses you.
You hit the gnoll.
The gnoll is severely wounded.
A gnoll comes into view. It is wielding a +0 spear.
The gnoll barely misses you.
You hit the gnoll.
The gnoll is almost dead.
You hit the gnoll. The gnoll completely misses you.
You closely miss the gnoll.
The gnoll is almost dead.
You closely miss the gnoll. The gnoll hits you with a +0 halberd.
* * * LOW HITPOINT WARNING * * *
The gnoll hits you but does no damage. The gnoll closely misses you.
A hobgoblin comes into view. It is wielding a +0 club.
The hobgoblin shouts!
You hit the gnoll but do no damage.
The gnoll is almost dead.
You hit the gnoll but do no damage.
The gnoll hits you from afar with a +0 spear.
You die...

.[....##.........#...#
......##.....)...##..#
......#..........#
...>
.................#
#.##.
.###.#...........# .#
. .. .#.#...#.....# .#
###.......# ###...(!#
#....@# ..
#####ggg....# .#
##.#....# .. .# ...#
.. ## ..# .#


g You could see 3 gnolls and a hobgoblin.

Vanquished Creatures
  Jessica (D:2)
  A gnoll (D:3)
  2 adders (D:2)
  A dart slug (D:1)
  A leopard gecko (D:1)
  7 giant cockroaches
  5 goblins
  4 hobgoblins
  10 jackals
  11 kobolds
  A ball python (D:1)
  4 bats
  3 frilled lizards (D:1)
  9 rats
60 creatures vanquished.

Notes
Turn   | Place    | Note
-------+----------+-------------------------------------------
     0 | D:1      | TheGreatAnchovy the Hill Orc Berserker began the quest for
                  | the Orb.
     0 | D:1      | Reached XP level 1. HP: 19/19 MP: 1/1
   351 | D:1      | Reached XP level 2. HP: 23/27 MP: 2/2
   901 | D:1      | Reached ** piety under Trog
   902 | D:1      | Reached XP level 3. HP: 30/33 MP: 3/3
  1325 | D:2      | Reached skill level 5 in Axes
  1404 | D:2      | Noticed Jessica
  1424 | D:2      | Killed Jessica
  1425 | D:2      | Reached XP level 4. HP: 29/41 MP: 4/4
  2404 | D:3      | Found a radiant altar of Vehumet.
  2484 | D:3      | Reached *** piety under Trog
  2540 | D:3      | Reached XP level 5. HP: 19/47 MP: 5/5
  2545 | D:3      | Slain by a gnoll

Illustrated notes

Levels and vault maps discovered:
D:1:      dpeg_arrival_prison, layout_rooms
D:2:      layout_loops_ring, uniq_jessica
D:3:      layout_rooms, old_standard_altar, ebering_ghost_sewer_d,
          feat_on_display

Skill      XL: |  1  2  3  4 |
---------------+-------------+-----
Fighting       | 4 |  4.6
Axes           | 5 |  5.6
Dodging        | 2 |  2.0
Armour         | 3 |  3.2

Action                   |  1- 3 |  4- 6 || total
-------------------------+-------+-------++-------
Melee: Hand axe          |    95 |    83 ||   178
 Stab: Sleeping          |       |     2 ||     2
Armor: Animal skin       |     3 |       ||     3
       Ring mail         |    21 |    23 ||    44
Dodge: Dodged            |    72 |    45 ||   117
